 Dungeon Crawl Stone Soup version 0.29-a0-878-g7b45a56547 (webtiles) character file.

Game seed: 10222566526495459339

184 concernfroge the Trooper (level 5, -3/46 HPs)
             Began as a Mummy Monk on July 19, 2022.
             Slain by an anaconda (glowing shapeshifter) (10 damage)
             ... on level 4 of the Dungeon.
             The game lasted 00:10:29 (3465 turns).

concernfroge the Trooper (Mummy Monk)               Turns: 3465, Time: 00:10:34

Health: -3/46      AC:  7    Str: 16    XL:     5   Next: 36%
Magic:  5/5        EV:  8    Int:  9    God:
Gold:   156        SH:  0    Dex: 15    Spells: 4/4 levels left

rFire   x . .      SeeInvis .   b - +4 quarterstaff (chaos)
rCold   + . .      Faith    .   (shield currently unavailable)
rNeg    + + +      Spirit   .   e - +0 ring mail {Will+}
rPois   ∞          Reflect  .   (no helmet)
rElec   .          Harm     .   c - +1 cloak
rCorr   .          Rampage  .   (no gloves)
Will    +....                   (no boots)
Stlth   +.........              (no amulet)
HPRegen 0.15/turn               j - ring of flight
MPRegen 0.09/turn               (no ring)

@: flying, constricted
A: cold resistance 1, negative energy resistance 3, torment resistance 2, heat
vulnerability 1, in touch with death 1, no potions
a: no special abilities


You were on level 4 of the Dungeon.
You visited 1 branch of the dungeon, and saw 4 of its levels.

You collected 156 gold pieces.

Inventory:

Hand Weapons
 a - a +1 vampiric spear
 b - a +4 quarterstaff of chaos (weapon)
Armour
 c - a +1 cloak (worn)
 e - a +0 ring mail of willpower (worn)
 h - a +0 buckler
 i - a +1 scale mail
Jewellery
 j - a ring of flight (left hand)
Wands
 f - a wand of charming (9)
Scrolls
 d - a scroll of amnesia
 g - a scroll of blinking {unknown}


   Skills:
 + Level 6.1 Fighting
 - Level 2.4 Polearms
 - Level 2.4 Dodging
 - Level 1.5 Stealth


You had 4 spell levels left.
You didn't know any spells.
Your spell library contained the following spells:

 Spells                   Type           Power      Damage    Failure   Level
 Summon Lightning Spire   Summ/Air       0%         N/A       100%        4
 Summon Horrible Things   Summ           0%         N/A       100%        8
 Dragon Form              Tmut           Unusable   N/A       N/A         7

Dungeon Overview and Level Annotations

Branches:
Dungeon (4/15)
 Temple: D:4-7

Altars:
Qazlal

Shops:
D:3 ?


Innate Abilities, Weirdness & Mutations

You are immune to poison.
Your flesh is cold resistant. (rC+)
You are immune to negative energy. (rN+++)
You are immune to unholy pain and torment.
You are vulnerable to heat. (rF-)
You are in touch with the powers of death.
You do not drink.


Message History

Found a stone staircase leading down.
A quokka comes into view.
Found a stone staircase leading down.
Found a mace.
Found a stone staircase leading up.
The quokka bites you.
You hit the quokka.
The quokka suddenly seems more agile.
The quokka is heavily wounded.
The quokka bites you but does no damage.
The quokka bites you.
You thump the quokka!
You feel better.
You kill the quokka!
Found a pair of boots.
A scorpion comes into view.
You see here a scroll of poison.
The scorpion stings you.
You sock the scorpion!
The scorpion is moderately wounded.
The scorpion barely misses you.
You hit the scorpion.
The scorpion changes into a glowing shapeshifter!
The glowing shapeshifter is lightly wounded.
The glowing shapeshifter changes into a sea snake!
You barely miss the sea snake.
The sea snake changes into a glowing orange brain!
You sock the glowing orange brain!
The glowing orange brain is poisoned.
The glowing orange brain is lightly wounded.
The glowing orange brain changes into an anaconda!
You closely miss the anaconda.
The anaconda is lightly wounded.
The anaconda grabs you. The anaconda bites you! The anaconda constricts you.
The anaconda bites you but does no damage.
The anaconda constricts you.
You barely miss the anaconda.
The anaconda is lightly wounded.
The anaconda bites you!
* * * LOW HITPOINT WARNING * * *
The anaconda constricts you.
* * * LOW HITPOINT WARNING * * *
The anaconda bites you!
You die...

.............#
###...###... ##..###.# #
#......# .####.....#####
............?.### #
...<#.......#...####.#
##.....#.....>.......#
#>..............@....#
.................S....#
....!.................#
........................
.............[........##
.................##....#
#).....<.......... ....#
##.....#......###. .....


You could see an anaconda shaped shifter.

Vanquished Creatures
  Crazy Yiuf (D:2)
  Jessica (D:2)
  9 adders
  An ufetubus (D:4)
  A dart slug (D:3)
  4 endoplasms
  2 giant cockroaches
  3 goblins
  4 hobgoblins
  4 kobolds
  4 quokkas
  5 ball pythons
  3 bats
  3 frilled lizards
  4 rats
49 creatures vanquished.

Notes
Turn   | Place    | Note
-------+----------+-------------------------------------------
     0 | D:1      | concernfroge the Mummy Monk began the quest for the Orb.
     0 | D:1      | Reached XP level 1. HP: 18/18 MP: 1/1
   242 | D:1      | Found a faded altar of an unknown god.
   772 | D:1      | Reached XP level 2. HP: 21/24 MP: 2/2
  1191 | D:2      | Reached skill level 4 in Fighting
  1274 | D:2      | Gained mutation: You are in touch with the powers of death.
                  | [Mummy growth]
  1274 | D:2      | Reached XP level 3. HP: 17/30 MP: 3/3
  1777 | D:2      | Reached XP level 4. HP: 38/38 MP: 4/4
  1802 | D:2      | You fall into a shaft and drop 1 floor!
  1853 | D:3      | Reached skill level 5 in Fighting
  1887 | D:3      | Got the Cyclopedia of the Mercurial Union
  1956 | D:3      | Found a stormy altar of Qazlal.
  1981 | D:3      | Found Futz's Magic Scroll Shoppe.
  2935 | D:2      | Noticed Jessica
  2945 | D:2      | Killed Jessica
  2946 | D:2      | Reached XP level 5. HP: 42/46 MP: 5/5
  3084 | D:2      | Found a runed translucent door.
  3085 | D:2      | Noticed Crazy Yiuf
  3122 | D:2      | Killed Crazy Yiuf
  3123 | D:2      | Reached skill level 6 in Fighting
  3461 | D:4      | Noticed a glowing shapeshifter
  3461 | D:4      | a scorpion changed into a glowing shapeshifter
  3461 | D:4      | Noticed a sea snake
  3461 | D:4      | a glowing shapeshifter changed into a sea snake
  3462 | D:4      | Noticed a glowing orange brain
  3462 | D:4      | a sea snake changed into a glowing orange brain
  3463 | D:4      | Noticed an anaconda
  3463 | D:4      | a glowing orange brain changed into an anaconda
  3465 | D:4      | Slain by an anaconda (glowing shapeshifter)

Illustrated notes

Levels and vault maps discovered:
D:1:      lightli_molten_gateway, layout_basic, basic_ecumenical_altar
D:2:      layout_loops_ring, uniq_crazy_yiuf_cottage, uniq_jessica
D:3:      minmay_spotlight, layout_loops_corners, grunt_qazlal_clouds,
          serial_shops, nicolae_shop_hallway_plus, serial_bayou_lagoon_a
D:4:      layout_rooms, nicolae_uskayaw_dance_hall

Skill      XL: |  1  2  3  4  5 |
---------------+----------------+-----
Fighting       | 4 5 6 |  6.1
Polearms       | |  2.4
Dodging        | |  2.4
Stealth        | |  1.5

Action                   |  1- 3 |  4- 6 || total
-------------------------+-------+-------++-------
Melee: Spear             |   112 |    99 ||   211
       Punch             |     1 |       ||     1
       Quarterstaff      |       |    16 ||    16
  Use: Scroll            |       |     8 ||     8
 Stab: Sleeping          |     6 |     3 ||     9
Armor: Leather armour    |    24 |     3 ||    27
       Scale mail        |       |    16 ||    16
       Ring mail         |       |     6 ||     6
Dodge: Dodged            |    54 |    49 ||   103

Table legend: (Time is in decaauts)
 A = Elapsed time spent in this place.
 B = Non-inter-level travel time spent in this place.
 C = Inter-level travel time spent in this place.
 D = Time resting spent in this place.
 E = Time spent auto-exploring this place.
 F = Levels seen in this place.
 G = Mean time per level.
                   A        B        C        D        E       F      G
               +--------+--------+--------+--------+--------+-----+--------+
         Total |   3470 |   3312 |    158 |      0 |   2823 |   4 |  867.5 |
       Dungeon |   3470 |   3312 |    158 |      0 |   2823 |   4 |  867.5 |
               +--------+--------+--------+--------+--------+-----+--------+

Top non-repeatable levels by time:
     D:2: 1255 daAuts
     D:1: 1086 daAuts
     D:3: 1001 daAuts
     D:4: 126 daAuts
